 Dungeon Crawl Stone Soup version 0.28.0-53-g5a82cb258f (webtiles) character file.

Game seed: 16196889718577919575

291 sanboga the Ruffian (level 6, -4/61 HPs)
             Began as a Troll Berserker on July 11, 2022.
             Was a Priest of Trog.
             Succumbed to Sigmund's poison
             ... on level 4 of the Dungeon.
             The game lasted 00:03:50 (2230 turns).

sanboga the Ruffian (Troll Berserker)               Turns: 2230, Time: 00:03:50

Health: -4/61      AC: 17    Str: 28    XL:     6   Next: 10%
Magic:  14/14      EV:  7    Int:  3    God:    Trog [***...]
Gold:   138        SH:  0    Dex:  9    Spells: 5/5 levels left

rFire   + + .      SeeInvis .     - Unarmed
rCold   + + .      Faith    .   (no shield)
rNeg    + . .      Spirit   .   d - +2 gold dragon scales "Wiczut" {rPois rF+ rC+ rN+ MP+9 Slay-3}
rPois   +          Reflect  .   (helmet restricted)
rElec   +          Harm     .   (no cloak)
rCorr   +          Rampage  .   (gloves unavailable)
Will    .....                   (boots unavailable)
Stlth   ..........              (no amulet)
HPRegen 1.00/turn               e - +4 ring of evasion
MPRegen 0.14/turn               (no ring)

@: lethally poisoned (-4 -> -31), resistant, on berserk cooldown, slowed,
studying Armour, very slow
A: large, unfitting armour, claws 3, regeneration 1, shaggy fur 1, tough skin 1
a: Renounce Religion, Berserk, Trog's Hand


You were on level 4 of the Dungeon.
You worshipped Trog.
Trog was most pleased with you.
You visited 1 branch of the dungeon, and saw 4 of its levels.

You collected 138 gold pieces.

Inventory:

Armour
 d - the +2 gold dragon scales "Wiczut" (worn) {rPois rF+ rC+ rN+ MP+9 Slay-3}
   (You acquired it on level 1 of the Dungeon)

   Slay:      It affects your accuracy & damage with ranged weapons and melee
   (-3).
   rF:        It protects you from fire.
   rC:        It protects you from cold.
   rPois:     It protects you from poison.
   rN:        It protects you from negative energy.
   MP:        It affects your magic capacity (+9).
Jewellery
 e - a +4 ring of evasion (left claw)
 g - a ring of magical power
 h - a ring of willpower
Wands
 r - a wand of paralysis (8)
Scrolls
 a - a scroll of magic mapping {unknown}
 c - 2 scrolls of enchant armour
 i - a scroll of blinking {unknown}
 n - a scroll of amnesia {unknown}
Potions
 b - 2 potions of flight
 l - a potion of curing {unknown}
 m - a potion of cancellation
 o - a potion of attraction {unknown}
 q - a potion of ambrosia {unknown}


   Skills:
 + Level 3.4 Fighting
 + Level 2.1 Armour
 - Level 2.7 Dodging
 * Level 5.3 Unarmed Combat


You had 5 spell levels left.
You didn't know any spells.
Your spell library was empty.

Dungeon Overview and Level Annotations

Branches:
Dungeon (4/15)
 Temple: D:4-7

Altars:

Shops:
D:3 [

Annotations:
D:4 Sigmund


Innate Abilities, Weirdness & Mutations

You are too large for most types of armour.
You have claws for hands.
Your natural rate of healing is unusually fast.
You are covered in fur. (AC +1)
You have tough skin. (AC +1)


Message History

You feel yourself moving faster!
You feel mighty! The endoplasm freezes you.
You are frozen.
You resist. Sigmund gestures at you while chanting.
You are confused.
You bump into the rock wall.
You feel a strong urge to attack something.
The endoplasm freezes you.
You are frozen.
You resist. Sigmund barely misses you.
You miss Sigmund.
The endoplasm hits you but does no damage.
Sigmund gestures at you while chanting. You resist with some effort.
Found a murky green potion.
You feel a strong urge to attack something.
You mangle the endoplasm!!
You kill the endoplasm!
Trog accepts your kill. Sigmund closely misses you.
You miss Sigmund. Sigmund hits you but does no damage.
You are poisoned.
Found a scroll labelled PYZ RIWAOGUMU.
You are no longer berserk.
You are exhausted.
You feel yourself slow down.
You feel sick.
You feel less confused.
You feel sick.
Sigmund hits you with a +6 scythe of venom!
You are more poisoned.
As you read the scroll of teleportation, it crumbles to dust.
You feel strangely unstable.
You feel extremely sick.
Sigmund hits you with a +6 scythe of venom!
* * * LOW HITPOINT WARNING * * *
You are more poisoned.
It was a potion of resistance.
You feel protected.
Your surroundings seem slightly different.
Found 20 stones.
You die...

.........#
..?.....# #
.!.....# ..
.......##.
.........
(......#### #
#......#.#
#ยง..@....#.
#.@.........
#....##.##.#
#..........
#####...^..#.#.#
#......#.#.# #
#.######.#.# #.#
#.#.# #.# .#


You could see Sigmund (strong).

Vanquished Creatures
  A scorpion (D:3)
  2 hounds (D:3)
  An iguana (D:3)
  4 gnolls
  3 adders
  4 worms
  A dart slug (D:3)
  6 ball pythons
  6 bats
  8 endoplasms
  2 giant cockroaches
  4 goblins
  8 hobgoblins
  4 quokkas
  4 frilled lizards
  7 kobolds
  9 rats
74 creatures vanquished.

Vanquished Creatures (others)
  A plant (D:1)
1 creature vanquished.

Grand Total: 75 creatures vanquished

Notes
Turn   | Place    | Note
-------+----------+-------------------------------------------
     0 | D:1      | sanboga the Troll Berserker began the quest for the Orb.
     0 | D:1      | Reached XP level 1. HP: 22/22 MP: 0/0
   126 | D:1      | Reached XP level 2. HP: 29/29 MP: 1/1
   544 | D:1      | Reached ** piety under Trog
   720 | D:1      | Reached XP level 3. HP: 36/36 MP: 2/2
   734 | D:1      | Identified a scroll of acquirement
   741 | D:1      | Acquired the +2 gold dragon scales "Wiczut" {rPois rF+ rC+
                  | rN+ MP+9 Slay-3}
  1189 | D:2      | Reached skill level 4 in Unarmed Combat
  1215 | D:2      | Reached XP level 4. HP: 44/44 MP: 3/3
  1647 | D:3      | Reached skill level 1 in Armour
  1660 | D:3      | Noticed a scorpion
  1672 | D:3      | Killed a scorpion
  1672 | D:3      | Reached *** piety under Trog
  1673 | D:3      | Reached XP level 5. HP: 39/53 MP: 4/4
  1810 | D:3      | Reached skill level 5 in Unarmed Combat
  1835 | D:3      | Found Yjoty's Antique Armour Boutique.
  1983 | D:3      | Acquired a manual of Armour
  2089 | D:3      | Reached XP level 6. HP: 61/61 MP: 5/5
  2215 | D:4      | Noticed Sigmund
  2230 | D:4      | Succumbed to Sigmund's poison

Illustrated notes

Levels and vault maps discovered:
D:1:      dpeg_arrival_prison, layout_basic, serial_bayou_lagoon_a
D:2:      layout_basic
D:3:      cheibrodos_helix_gallery, layout_rooms, serial_shops,
          nicolae_shop_behind_doors, chequers_serial_rivers_small_3,
          cheibrodos_gnoll_hut
D:4:      layout_basic, mainiacjoe_overflow_alcove_2, uniq_sigmund

Skill      XL: |  1  2  3  4  5 |
---------------+----------------+-----
Unarmed Combat | 4 5 |  5.3
Fighting       | 3 |  3.4
Armour         | 1 2 |  2.1
Dodging        | |  2.7

Action                   |  1- 3 |  4- 6 || total
-------------------------+-------+-------++-------
Melee: Unarmed           |   120 |   101 ||   221
       Punch             |     3 |       ||     3
Invok: Berserk           |       |     2 ||     2
  Use: Scroll            |     4 |     5 ||     9
       Potion            |       |     1 ||     1
 Stab: Sleeping          |     1 |       ||     1
Armor: Animal skin       |    27 |       ||    27
       Gold dragon scale |    32 |    58 ||    90
Dodge: Dodged            |    51 |    38 ||    89
